 Dungeon Crawl Stone Soup version 0.25-a0-24-g72dcfe0359 (webtiles) character file.

Game seed: 11724113164972866203, levelgen mode: deterministic

60 Dycilia the Gusty (level 3, 11/26 HPs)
             Began as a Draconian Air Elementalist on Oct 17, 2019.
             Quit the game on level 4 of the Dungeon.
             The game lasted 00:16:00 (3505 turns).

Dycilia the Gusty (Draconian Air Elementalist)      Turns: 3505, Time: 00:16:00

Health: 11/26      AC:  5    Str: 10    XL:     3   Next: 80%
Magic:  1/6        EV: 12    Int: 16    God:
Gold:   200        SH:  0    Dex: 11    Spells: 4/7 levels left

rFire    . . .     SeeInvis .   (no weapon)
rCold    . . .     Gourm    .   (no shield)
rNeg     . . .     Faith    .   (armour unavailable)
rPois    .         Spirit   .   (helmet restricted)
rElec    .         Reflect  .   (no cloak)
rCorr    .         Harm     .   (no gloves)
MR       .....                  (no boots)
Stlth    ++........             (no amulet)
HPRegen  0.08/turn              (no ring)
MPRegen  0.10/turn              (no ring)

@: no status effects
A: unfitting armour, cold-blooded, AC +5
a: no special abilities


You were on level 4 of the Dungeon.
You were not hungry.

You visited 1 branch of the dungeon, and saw 4 of its levels.

You collected 200 gold pieces.

Inventory:

Jewellery
 k - an uncursed ring of protection from cold {unknown}
Scrolls
 c - a scroll of immolation {unknown}
 e - 2 scrolls of identify {unknown}
 i - a scroll of fear {unknown}
 j - a scroll of remove curse {unknown}
 n - a scroll of noise {unknown}
 q - a scroll of blinking {unknown}
Potions
 a - 2 potions of lignification {unknown}
 d - 2 potions of invisibility {unknown}
 f - a potion of heal wounds {unknown}
 g - a potion of cancellation {unknown}
 h - a potion of resistance {unknown}
 l - 4 potions of might {unknown}
 m - a potion of brilliance {unknown}
 o - a potion of berserk rage {unknown}
 p - a potion of flight {unknown}
 r - a potion of curing {unknown}
Comestibles
 b - 6 rations


   Skills:
 + Level 2.3 Dodging
 - Level 1.7 Stealth
 + Level 2.5 Spellcasting
 - Level 1.3 Conjurations
 * Level 3.9 Air Magic


You had 4 spell levels left.
You knew the following spells:

 Your Spells              Type           Power        Failure   Level  Hunger
a - Shock                 Conj/Air       ##..         7%          1    #......
b - Swiftness             Chrm/Air       #.......     13%         2    ##.....

Your spell library contained the following spells:

 Spells                   Type           Power        Failure   Level  Hunger
 Static Discharge         Conj/Air       ##......     21%         3    ###....
 Airstrike                Air            ##........   36%         4    #####..
 Lightning Bolt           Conj/Air       ##........   88%         5    ######.


Dungeon Overview and Level Annotations

Branches:
Dungeon (4/15)
 Temple: D:4-7

Altars:
Dithmenos

Annotations:
D:4 Dowan, Duvessa


Innate Abilities, Weirdness & Mutations

Your plain brown scales are hard. (AC +5)
You cannot fit into any form of body armour.
You are cold-blooded and may be slowed by cold attacks.


Message History

You hit the orc but do no damage.
The orc is almost dead.
The frilled lizard bites you. The orc misses you.
Dowan hits you but does no damage.
You hit the orc but do no damage.
The orc is almost dead.
The frilled lizard bites you. The orc closely misses you.
Dowan hits you but does no damage.
You barely miss the orc.
You tail-slap the orc, but do no damage.
The orc is almost dead.
The frilled lizard barely misses you. The orc barely misses you.
You barely miss the orc.
The orc is almost dead.
The frilled lizard barely misses you. The orc hits you.
You hit the orc but do no damage.
The orc is almost dead.
The frilled lizard bites you but does no damage.
Duvessa hits you with a +0 rapier. The orc hits you but does no damage.
Are you sure you want to abandon this character and quit the game? (Confirm with "yes".)

#.#.##.#..##(...##
#<#..#....##
#.#..+....#
#.#..+...##
#.#..+....
.#.##.#.##....# .
.........##...o
....######.###.....
.....el@o..# ##....
#.....e##### ##....
+...... #$.....
#...... #......
#.%.... #.#....


You could see Duvessa, Dowan, an orc and a frilled lizard.

Vanquished Creatures
  An adder (D:3)
  An ooze (D:1)
  A dart slug (D:1)
  A leopard gecko (D:2)
  An orc (D:3)
  A giant cockroach (D:3)
  A goblin (D:3)
  7 hobgoblins
  4 jackals (D:3)
  8 kobolds
  7 bats
  2 frilled lizards (D:1)
  3 rats
38 creatures vanquished.

Notes
Turn   | Place    | Note
-------+----------+-------------------------------------------
     0 | D:1      | Dycilia the Draconian Air Elementalist began the quest for
                  | the Orb.
     0 | D:1      | Reached XP level 1. HP: 14/14 MP: 3/3
   501 | D:1      | Reached XP level 2. HP: 20/20 MP: 0/5
   588 | D:1      | Learned a level 2 spell: Swiftness
  2001 | D:3      | Reached XP level 3. HP: 26/26 MP: 3/6
  2309 | D:3      | Found a shadowy altar of Dithmenos.
  3495 | D:4      | Noticed Dowan
  3497 | D:4      | Noticed Duvessa
  3505 | D:4      | Quit the game

Levels and vault maps discovered:
D:1:      psy_arrival_dodecagon, layout_basic, serial_glass, glass_columns_a,
          glass_columns_b, serial_park_tiny_1
D:2:      layout_rooms, lemuel_doored_altar
D:3:      layout_loops_ring, grunt_dithmenos_smoke_and_mirrors
D:4:      minmay_chambers_of_fours, layout_basic, first_ration, serial_shops,
          shop, kennysheep_donut, brannock_xom_greatest_gift, uniq_duvessa

Skill      XL: |  1  2 |
---------------+-------+-----
Dodging        | 2 |  2.3
Stealth        | |  1.7
Spellcasting   | |  2.5
Conjurations   | |  1.3
Air Magic      | |  3.9

Action                   || total
-------------------------++-------
Melee: Unarmed           ||    41
       Tailslap          ||     2
 Cast: Shock             ||   122
  Eat: Chunk             ||     4
       Ration            ||     2
Armor: Skin              ||    28
Dodge: Dodged            ||    61

Table legend:
 A = Non-vault XP
 B = Vault XP
 C = Vault XP percentage of total XP
 D = Non-vault monster count
 E = Vault monster count
 F = Vault count percentage of total count
                 A         B        C        D         E       F
            +---------+---------+-------+---------+---------+-------
      Total |      86 |       0 |   0.0 |      38 |       0 |   0.0
            +---------+---------+-------+---------+---------+-------
        D:1 |      31 |       0 |   0.0 |      14 |       0 |   0.0
        D:2 |       9 |       0 |   0.0 |       5 |       0 |   0.0
        D:3 |      46 |       0 |   0.0 |      19 |       0 |   0.0
            +---------+---------+-------+---------+---------+-------
